 Dungeon Crawl Stone Soup version 0.27-a0-1322-gfdffb62a71 (webtiles) character file.

Game seed: 11195133395263405525

74 chagrin the Skirmisher (level 4, -7/41 HPs)
             Began as a Minotaur Fighter on June 23, 2021.
             Killed from afar by Sigmund (11 damage)
             ... with a magic dart
             ... on level 2 of the Dungeon.
             The game lasted 00:10:56 (816 turns).

chagrin the Skirmisher (Minotaur Fighter)            Turns: 816, Time: 00:10:57

Health: -7/41      AC:  6    Str: 21      XL:     4   Next: 10%
Magic:  3/3        EV:  9    Int:  2 (5)  God:
Gold:   15         SH:  0    Dex:  7 (10) Spells: 3/3 levels left

rFire    . . .     SeeInvis .   h - +2 club (spect)
rCold    . . .     Faith    .   c - +0 kite shield
rNeg     . . .     Spirit   .   f - +3 leather armour
rPois    .         Reflect  .   (helmet restricted)
rElec    .         Harm     .   (no cloak)
rCorr    .         Rampage  .   (no gloves)
Will     .....                  (no boots)
Stlth    ..........             (no amulet)
HPRegen  0.13/turn              (no ring)
MPRegen  0.08/turn              (no ring)

@: confused, mighty
A: horns 2, retaliatory headbutt
a: no special abilities


You were on level 2 of the Dungeon.
You visited 1 branch of the dungeon, and saw 2 of its levels.

You collected 15 gold pieces.

Inventory:

Hand Weapons
 a - a +0 war axe
 h - a +2 spectral club (weapon)
Missiles
 e - 9 bolts
Armour
 b - a +1 scale mail
 c - a +0 kite shield (worn)
 f - a +3 leather armour (worn)
Scrolls
 g - 4 scrolls of identify


   Skills:
 + Level 4.3 Fighting
 + Level 3.5 Axes
 + Level 0.1(2.1) Maces & Flails
 + Level 4.0 Armour
 + Level 0.7 Dodging
 + Level 4.3 Shields


You had 3 spell levels left.
You didn't know any spells.
Your spell library was empty.

Dungeon Overview and Level Annotations

Branches:
Dungeon (2/15)

Altars:

Annotations:
D:2 Sigmund


Innate Abilities, Weirdness & Mutations

You have a pair of horns on your head.
You reflexively headbutt those who attack you in melee.


Message History

You sock the endoplasm!
You kill the endoplasm!
Sigmund says, "You will soon forget everything."
Sigmund barely misses you.
You hit Sigmund but do no damage.
Your spectral +2 spectral club hits Sigmund.
Sigmund points at you and mumbles some strange words.
You block the puff of flame.
You closely miss Sigmund.
Sigmund is lightly wounded.
Your spectral +2 spectral club closely misses Sigmund.
Sigmund barely misses you.
You barely miss Sigmund.
Sigmund is lightly wounded.
Your spectral +2 spectral club hits Sigmund.
Sigmund casts a spell.
Sigmund flickers and vanishes!
Deactivating autopickup; reactivate with Ctrl-A.
Something hits you!
You completely miss something.
Your spectral +2 spectral club hits something.
Something hits you!
* * * LOW HITPOINT WARNING * * *
Unknown command.
You feel very mighty all of a sudden. Something hits you.
* * * LOW HITPOINT WARNING * * *
You miss something.
Your spectral +2 spectral club hits something but does no damage.
You block something's attack. Something hits you but does no damage.
Your shield prevents you from hitting something.
Your spectral +2 spectral club closely misses something.
You hear some strange, mumbled words.
You are confused.
You miss something.
Your spectral +2 spectral club hits something.
You hear some strange, mumbled words.
A magic dart appears from out of thin air!
The magic dart hits you!
You die...

##########
##........########
..........#.......
..................
.................
#..........#
.###......##########
#.(@....#........#
#.{.>.#.#........#
.......##.#........#
#........##....>.....#
#........####........#
#........# #........#
.........# #........#
#........# #..).....#
#).†.....#


You could see a friendly spectral +2 spectral club (summoned).

Vanquished Creatures
  Jessica (D:2)
  A dart slug (D:1)
  4 bats (D:1)
  6 endoplasms
  2 giant cockroaches
  3 hobgoblins (D:1)
  7 jackals (D:1)
  6 ball pythons
  3 frilled lizards
  3 goblins
  5 kobolds
  3 rats
44 creatures vanquished.

Notes
Turn   | Place    | Note
-------+----------+-------------------------------------------
     0 | D:1      | chagrin the Minotaur Fighter began the quest for the Orb.
     0 | D:1      | Reached XP level 1. HP: 19/19 MP: 0/0
   147 | D:1      | Reached XP level 2. HP: 27/27 MP: 1/1
   440 | D:1      | Reached XP level 3. HP: 29/33 MP: 2/2
   675 | D:2      | Noticed Jessica
   697 | D:2      | Killed Jessica
   745 | D:2      | Reached XP level 4. HP: 19/40 MP: 3/3
   805 | D:2      | Noticed Sigmund
   816 | D:2      | Killed from afar by Sigmund

Illustrated notes

Levels and vault maps discovered:
D:1:      psy_arrival_basics, layout_rooms, chequers_mini_garden, st_stairs_8
D:2:      layout_rooms, uniq_sigmund, uniq_jessica

Skill      XL: |  1  2  3 |
---------------+----------+-----
Fighting       | 4 |  4.3
Shields        | 4 |  4.3
Armour         | 4 |  4.0
Axes           | 3 |  3.5
Maces & Flails | |  0.1
Dodging        | |  0.7

Action                   |  1- 3 |  4- 6 || total
-------------------------+-------+-------++-------
Melee: War axe           |    92 |       ||    92
       Headbutt          |    14 |       ||    14
       Club              |     1 |    13 ||    14
  Use: Scroll            |     3 |       ||     3
       Potion            |     3 |     1 ||     4
Armor: Scale mail        |    13 |       ||    13
       Leather armour    |    43 |     2 ||    45
Dodge: Dodged            |    25 |     2 ||    27
Block: Kite shield       |    54 |     5 ||    59

Table legend: (Time is in decaauts)
 A = Elapsed time spent in this place.
 B = Non-inter-level travel time spent in this place.
 C = Inter-level travel time spent in this place.
 D = Time resting spent in this place.
 E = Time spent auto-exploring this place.
 F = Levels seen in this place.
 G = Mean time per level.
                   A        B        C        D        E       F      G
               +--------+--------+--------+--------+--------+-----+--------+
         Total |    862 |    341 |    521 |      0 |      0 |   2 |  431.0 |
       Dungeon |    862 |    341 |    521 |      0 |      0 |   2 |  431.0 |
               +--------+--------+--------+--------+--------+-----+--------+

Top non-repeatable levels by time:
     D:1: 648 daAuts
     D:2: 213 daAuts
